 Dungeon Crawl Stone Soup version 0.19.0-1-g5985abe (webtiles) character file.

35081 Gruud the Cleaver (level 13, -4/83 HPs)
             Began as a Demonspawn Hunter on Nov 1, 2016.
             Was a High Priest of Okawaru.
             Slain by a harpy (11 damage)
             ... on level 6 of the Lair of Beasts on Nov 2, 2016.
             The game lasted 01:51:06 (13855 turns).

Gruud the Cleaver (Demonspawn Hunter)              Turns: 13855, Time: 01:51:07

Health: -4/83      AC: 13    Str: 14    XL:     13   Next: 45%
Magic:  22/22      EV: 23    Int: 12    God:    Okawaru [*****.]
Gold:   508        SH:  0    Dex: 23    Spells: 3 memorised, 3 levels left

rFire  + + .     SeeInvis .     D - +5 rod of shadows (4/9)
rCold  + . .     Gourm    .     z - +2 ring mail {rC+}
rNeg   . . .     Faith    .     (no shield)
rPois  +         Spirit   .     (helmet restricted)
rElec  .         Reflect  .     T - +1 cloak {MR+}
rCorr  .         Harm     .     r - +0 pair of gloves
MR     +....                    K - +2 pair of boots
Stlth  +++.......               (no amulet)
                                t - ring "Eramacui" {+Inv rPois rF+}
                                v - ring of stealth

@: agile, very slightly contaminated, hasted, very quick
A: antennae 1, fire resistance 1, flame cloud immunity, sturdy frame 3
a: Heroism, Finesse, Renounce Religion, Evoke Invisibility


You were on level 6 of the Lair of Beasts.
You worshipped Okawaru.
Okawaru was extremely pleased with you.
You were near starving.

You visited 3 branches of the dungeon, and saw 18 of its levels.
You also visited: Labyrinth.

You collected 903 gold pieces.
You spent 395 gold pieces at shops.

Inventory:

Hand Weapons
 a - the +11 whip "Hiudoar" {slash, Dex+3}
   (You found it on level 4 of the Dungeon)

   It inflicts extra damage upon your enemies.
   It affects your dexterity (+3).
 b - a +1 blowgun
 G - the +3 hand axe of Ryenaly {drain, rPois}
   (Okawaru gifted it to you on level 6 of the Lair of Beasts)

   A truly terrible weapon, it drains the life of those it strikes.
   It protects you from poison.
Missiles
 c - 4 tomahawks of dispersal (quivered)
 e - 5 curare-tipped needles
 S - 5 needles of frenzy
 V - a throwing net
 Z - 7 needles of confusion
Armour
 h - a +0 shield
 r - a +0 pair of gloves (worn)
 z - a +2 ring mail of cold resistance (worn)
 K - a +2 pair of boots (worn)
 T - a +1 cloak of magic resistance (worn)
Rods
 D - a +5 rod of shadows (4/9) (in hand)
   (You found it in a labyrinth)
Jewellery
 t - the ring "Eramacui" (right hand) {+Inv rPois rF+}
   (You found it in a labyrinth)

   [ring of poison resistance]

   It protects you from fire.
   It protects you from poison.
   It lets you turn invisible.
 v - a ring of stealth (left hand)
 W - an uncursed ring of protection from cold
Wands
 q - a wand of heal wounds (3/9)
 y - a wand of paralysis (11/24)
 E - a wand of heal wounds (0/9)
 H - a wand of disintegration (9/24)
 O - a wand of iceblast (5/15)
 U - a wand of digging (5/24)
 X - a wand of hasting (2/9)
Scrolls
 l - 3 scrolls of magic mapping
 o - 11 scrolls of remove curse
 s - 2 scrolls of fog
 I - 4 scrolls of fear
 M - 2 scrolls of teleportation
 N - a scroll of blinking
Potions
 d - a potion of agility
 i - 4 potions of flight
 j - 2 potions of haste
 m - a potion of might
 n - a potion of lignification
 w - 9 potions of curing
 x - 3 potions of magic
 A - a potion of brilliance {unknown}
 B - 3 potions of mutation
 L - 2 potions of cancellation
 P - a potion of ambrosia {unknown}
 R - 2 potions of resistance {unknown}
Books
 J - a book of Necromancy

   Spells                             Type                      Level
   a - Pain                           Necromancy                   1
   b - Animate Skeleton               Necromancy                   1
   c - Vampiric Draining              Necromancy                   3
   d - Regeneration                   Charms/Necromancy            3
   e - Animate Dead                   Necromancy                   4
   f - Control Undead                 Necromancy                   4
 Y - a book of Enchantments

   Spells                             Type                      Level
   a - Cause Fear                     Hexes                        4
   b - Yara's Violent Unravelling     Hexes/Transmutation          5
   c - Silence                        Hexes/Air                    5
   d - Deflect Missiles               Charms/Air                   6
   e - Discord                        Hexes                        8
Miscellaneous
 g - a sack of spiders
Comestibles
 f - 17 bread rations
 p - 6 meat rations
 Q - 18 fruits


   Skills:
 - Level 2.0 Fighting
 * Level 13.9 Axes
 + Level 10.9 Throwing
 + Level 7.9 Dodging
 - Level 0.8 Stealth
 + Level 13.1 Invocations


You had 3 spell levels left.
You knew the following spells:

 Your Spells              Type           Power        Failure   Level  Hunger
a - Corona                Hex            #......      34%         1    ##.....
b - Regeneration          Chrm/Necr      #.........   88%         3    ####...
c - Silence               Hex/Air        #.........   100%        5    ######.


Dungeon Overview and Level Annotations

Branches:
Dungeon (11/15)            Temple (1/1) D:4            Lair (6/6) D:10
 Spider (0/4) Lair:2        Slime (0/5) Lair:5          Orc (0/2) D:10
  Swamp: Lair:2-4    Shoals: Lair:2-4

Altars:
Ashenzari
Cheibriados
Dithmenos
Elyvilon
Fedhas
Gozag
Hepliaklqana
Kikubaaqudgha
Okawaru
Qazlal
Ru
Sif Muna
Trog
Yredelemnul
Zin
The Shining One
Beogh
Jiyva

Shops:
D:6 [!   D:9 ?   D:11 }

Portals:
Trove: D:10 (show abyssal rune of Zot)

Annotations:
D:2 1 runed door, exclusion: door
D:10 Guardian Mummy, exclusion: door
Lair:1 exclusions: oklob plant and 1 more exclusion
Lair:5 1 runed door


Innate Abilities, Weirdness & Mutations

You have a pair of small antennae on your head.
Your flesh is heat resistant. (rF+)
You are immune to clouds of flame.
Your movements are significantly less encumbered by armour. (ER -6)


Message History

D - a +5 rod of shadows (9/9) (in hand)
The harpy claws you. The harpy barely misses you.
Wisps of shadow whirl around you...
You are near starving!
The harpy claws you.
* * * LOW HITPOINT WARNING * * *
The harpy misses you.
Unknown command.
The harpy claws your hound. The harpy claws your hound!
Your hound barely misses the harpy.
The harpy misses your hound. The harpy barely misses your hound.
The basilisk gazes at you.
Your hound is moving more slowly.
Your hound closely misses the basilisk.
Your hound barely misses the basilisk.
The harpy completely misses you. The harpy closely misses you.
The harpy screeches!
The harpy claws you!
* * * LOW HITPOINT WARNING * * *
The harpy claws you!
You die...

##..........................
#P............h.k...........
#.............÷l.#.....##...
##..P.#....P...........# ..
#.....###÷#..........## t .
#...##..P##......###..###....#...
...###....#......# ..##.........
#.. .....##....H# ..##.....# #.
##. .....##....@## .......###. #.
.+....#.......# ........#.
#P..÷..### #....P#..
##.....#.######......#.
##......P.##............
....................../...
..P#P..##...####...#PP.###
.##########..##.######## ######


You could see a harpy, a basilisk, a rime drake and a friendly hound
(petrifying).

Vanquished Creatures
  A minotaur (Lab)
  6 hydras
  A merfolk avatar (Lair:6)
  Urug (Lair:4)
  A sea snake (Lair:6)
  An unseen horror (D:11)
  2 wolf spiders (Lair:2)
  4 elephants (Lair:6)
  3 black mambas
  4 gargoyles (Lab)
  11 spiny frogs
  5 komodo dragons
  5 rime drakes
  2 jumping spiders (Lair:2)
  A hornet (Lair:4)
  2 wind drakes (Lair:6)
  A two-headed ogre (D:10)
  9 blink frogs
  4 hippogriffs
  A spriggan (D:7)
  20 yaks
  Eustachio (D:4)
  4 wyverns
  3 basilisks
  A steam dragon (D:9)
  2 hungry ghosts (D:10)
  2 swamp worms (Lair:2)
  Edmund (D:5)
  13 water moccasins
  7 porcupines
  3 ogres
  2 ice beasts (D:6)
  2 sky beasts
  5 orc warriors
  A phantom (D:7)
  3 black bears
  14 wolves (Lair:6)
  A centaur (D:8)
  8 crocodiles
  A big kobold (D:10)
  16 bullfrogs
  2 scorpions
  5 killer bees
  2 howler monkeys (D:11)
  An electric eel (Lair:4)
  4 crimson imps
  A bullfrog zombie (D:10)
  2 jellies
  A quasit (D:11)
  9 orc priests
  7 hounds
  11 orc wizards
  A bullfrog skeleton (D:10)
  Terence (D:3)
  Jessica (D:2)
  An iguana (D:8)
  Ijyb (D:3)
  Natasha (thrice) (D:3)
  9 worker ants
  A hound skeleton (D:5)
  3 gnolls (D:6)
  A howler monkey skeleton (D:5)
  7 adders
  3 river rats (Lair:6)
  An ooze (D:2)
  An adder skeleton (D:4)
  2 dart slugs
  5 leopard geckos
  40 orcs
  A ball python (D:1)
  5 giant cockroaches
  12 hobgoblins
  18 jackals
  16 kobolds
  4 quokkas
  5 bats
  10 frilled lizards
  4 goblins
  A jackal zombie (D:7)
  A quokka zombie (D:6)
  5 rats
383 creatures vanquished.

Vanquished Creatures (collateral kills)
  Rupert (Lair:5)
1 creature vanquished.

Vanquished Creatures (others)
  2 fungi
  6 plants
  16 toadstools (Lair:1)
24 creatures vanquished.

Grand Total: 408 creatures vanquished

Notes
Turn   | Place    | Note
-------+----------+-------------------------------------------
     0 | D:1      | Gruud the Demonspawn Hunter began the quest for the Orb.
     0 | D:1      | Reached XP level 1. HP: 16/16 MP: 1/1
   193 | D:1      | Gained mutation: You have a pair of small antennae on your head. [demonic ancestry]
   193 | D:1      | Reached XP level 2. HP: 7/22 MP: 2/2
   980 | D:2      | Reached XP level 3. HP: 26/27 MP: 3/3
  1011 | D:2      | Found a runed door.
  1239 | D:2      | Noticed Jessica
  1246 | D:2      | Killed Jessica
  1246 | D:2      | Reached skill level 5 in Throwing
  1296 | D:2      | Reached XP level 4. HP: 27/33 MP: 4/4
  1616 | D:2      | Found a white marble altar of Elyvilon.
  1681 | D:3      | Noticed an orc warrior
  1961 | D:3      | Reached XP level 5. HP: 38/38 MP: 5/5
  2017 | D:3      | Noticed Terence
  2047 | D:3      | Killed Terence
  2149 | D:3      | Noticed Ijyb
  2235 | D:3      | Killed Ijyb
  2235 | D:3      | Reached skill level 1 in Axes
  2270 | D:2      | Killed an orc warrior
  2270 | D:2      | Reached XP level 6. HP: 23/44 MP: 6/6
  2668 | D:3      | Noticed Natasha
  2680 | D:3      | Killed Natasha
  2728 | D:3      | Noticed Natasha
  2738 | D:3      | Killed Natasha
  2883 | D:3      | Noticed Natasha
  2904 | D:3      | Killed Natasha
  3045 | D:4      | Got a faintly glowing whip
  3050 | D:4      | Identified the +11 whip "Hiudoar" {slash, Dex+3} (You found it on level 4 of the Dungeon)
  3268 | D:4      | Gained mutation: Your movements are slightly less encumbered by armour. (ER -2) [demonic ancestry]
  3268 | D:4      | Reached XP level 7. HP: 50/50 MP: 7/7
  3293 | D:4      | Found a staircase to the Ecumenical Temple.
  3301 | Temple   | Entered the Ecumenical Temple
  3365 | Temple   | Became a worshipper of Warmaster Okawaru
  3493 | D:4      | Found a glowing golden altar of the Shining One.
  3519 | D:4      | Noticed Eustachio
  3555 | D:4      | Killed Eustachio
  3555 | D:4      | Reached skill level 1 in Invocations
  3839 | D:5      | Entered Level 5 of the Dungeon
  3980 | D:5      | Reached * piety under Okawaru
  4074 | D:5      | Noticed Edmund
  4092 | D:5      | HP: 2/50 [Edmund/flail of holy wrath (9)]
  4097 | D:5      | Killed Edmund
  4097 | D:5      | Reached skill level 5 in Axes
  4240 | D:5      | Found a hazy altar of Hepliaklqana.
  4269 | D:5      | Gained mutation: Your flesh is heat resistant. (rF+) [demonic ancestry]
  4269 | D:5      | Reached XP level 8. HP: 56/56 MP: 10/10
  4389 | D:5      | Learned a level 1 spell: Corona
  5019 | D:6      | Found Unyh Jeew's Distillery.
  5051 | D:6      | Bought a potion of agility for 44 gold pieces
  5051 | D:6      | Bought 2 potions of curing for 66 gold pieces
  5051 | D:6      | Bought a potion of lignification for 33 gold pieces
  5281 | D:6      | Reached ** piety under Okawaru
  5361 | D:6      | Reached skill level 5 in Invocations
  5455 | D:6      | Found a deep blue altar of Sif Muna.
  5581 | D:6      | Reached XP level 9. HP: 61/61 MP: 13/13
  5586 | D:6      | Found Gymenout's Armour Shop.
  6242 | D:7      | Found a sacrificial altar of Ru.
  6536 | D:8      | Reached *** piety under Okawaru
  6824 | D:8      | Received a gift from Okawaru
  7009 | D:9      | Found Daegegar's Magic Scroll Shop.
  7017 | D:9      | Bought a scroll of fear for 49 gold pieces
  7017 | D:9      | Bought a scroll of teleportation for 42 gold pieces
  7017 | D:9      | Bought a scroll of blinking for 105 gold pieces
  7017 | D:9      | Bought a scroll of identify for 28 gold pieces
  7017 | D:9      | Bought a scroll of identify for 28 gold pieces
  7380 | D:9      | Got an ichor-stained leather armour
  7391 | D:9      | Identified the cursed +1 leather armour "Moel" {rPois Int+7} (You found it on level 9 of the Dungeon)
  7640 | D:10     | Entered Level 10 of the Dungeon
  7720 | D:10     | Found a portal to a secret trove of treasure.
  7720 | D:10     | Noticed a guardian mummy
  7756 | D:10     | Found a staircase to the Orcish Mines.
  7761 | D:10     | Found a roughly hewn altar of Beogh.
  7783 | D:10     | Gained mutation: Your movements are less encumbered by armour. (ER -4) [demonic ancestry]
  7783 | D:10     | Reached XP level 10. HP: 24/67 MP: 13/16
  8219 | D:10     | Found a staircase to the Lair.
  8294 | D:10     | Reached **** piety under Okawaru
  8373 | D:10     | Upgraded the game from 0.19.0 to 0.19.0-1-g5985abe
  8464 | D:11     | Noticed a seven-headed hydra
  8486 | D:10     | Killed a seven-headed hydra
  8486 | D:10     | Received a gift from Okawaru
  8486 | D:10     | Reached skill level 10 in Axes
  8553 | D:11     | Found Dafen's Gadget Emporium.
  8578 | D:11     | Found a labyrinth entrance.
  8590 | Lab      | Entered a labyrinth
  8875 | Lab      | Noticed a gargoyle
  8876 | Lab      | Noticed a gargoyle
  8883 | Lab      | Killed a gargoyle
  8888 | Lab      | Killed a gargoyle
  8891 | Lab      | Noticed a gargoyle
  8902 | Lab      | Killed a gargoyle
  8913 | Lab      | Noticed a gargoyle
  8928 | Lab      | Killed a gargoyle
  8928 | Lab      | Reached ***** piety under Okawaru
  9042 | Lab      | Noticed a minotaur
  9063 | Lab      | Killed a minotaur
  9063 | Lab      | Received a gift from Okawaru
  9063 | Lab      | Received a gift from Okawaru
  9063 | Lab      | Reached XP level 11. HP: 72/72 MP: 15/18
  9101 | Lab      | Got a shimmering glass ring
  9111 | Lab      | Identified a +5 rod of shadows (9/9) (You found it in a labyrinth)
  9115 | Lab      | Got a brightly glowing wooden ring
  9117 | Lab      | Identified the ring "Eramacui" {+Inv rPois rF+} (You found it in a labyrinth)
  9118 | Lab      | Identified the ring of Uceisch {*Tele rPois SInv Stlth-} (You found it in a labyrinth)
  9169 | D:11     | Killed an unseen horror
  9293 | Lair:1   | Entered Level 1 of the Lair of Beasts
  9608 | Lair:1   | Received a gift from Okawaru
  9618 | Lair:1   | Reached skill level 10 in Invocations
  9645 | Lair:1   | Reached skill level 5 in Dodging
  9823 | Lair:1   | Received a gift from Okawaru
  9877 | Lair:1   | Found a blossoming altar of Fedhas.
  9889 | Lair:1   | Noticed an oklob plant
 10449 | Lair:2   | Noticed a five-headed hydra
 10456 | Lair:2   | Killed a five-headed hydra
 10521 | Lair:2   | Received a gift from Okawaru
 10534 | Lair:2   | Found a hole to the Spider Nest.
 10534 | Lair:2   | Noticed a wolf spider
 10535 | Lair:2   | Noticed a wolf spider
 10548 | Lair:2   | Killed a wolf spider
 10551 | Lair:2   | Killed a wolf spider
 10755 | Lair:2   | Noticed a seven-headed hydra
 10761 | Lair:2   | Killed a seven-headed hydra
 10820 | Lair:2   | Received a gift from Okawaru
 10845 | Lair:2   | Gained mutation: You are immune to clouds of flame. [demonic ancestry]
 10845 | Lair:2   | Reached XP level 12. HP: 68/78 MP: 17/20
 11196 | Lair:3   | Received a gift from Okawaru
 11471 | Lair:3   | Noticed a five-headed hydra
 11478 | Lair:3   | Killed a five-headed hydra
 11567 | Lair:3   | Reached skill level 10 in Throwing
 11824 | Lair:4   | Noticed a seven-headed hydra
 11920 | Lair:4   | Killed a seven-headed hydra
 12068 | Lair:4   | Learned a level 3 spell: Regeneration
 12090 | Lair:4   | Noticed Urug
 12108 | Lair:4   | Killed Urug
 12486 | Lair:5   | Learned a level 5 spell: Silence
 12973 | Lair:5   | Noticed a six-headed hydra
 12984 | Lair:5   | Killed a six-headed hydra
 12984 | Lair:5   | Received a gift from Okawaru
 13088 | Lair:5   | Found a runed door.
 13090 | Lair:5   | Found a viscous altar of Jiyva.
 13091 | Lair:5   | Found a staircase to the Slime Pits.
 13211 | Lair:5   | Noticed Rupert
 13219 | Lair:5   | Killed Rupert
 13219 | Lair:5   | Gained mutation: Your movements are significantly less encumbered by armour. (ER -6) [demonic ancestry]
 13219 | Lair:5   | Reached XP level 13. HP: 72/83 MP: 14/22
 13265 | Lair:6   | Entered Level 6 of the Lair of Beasts
 13380 | Lair:6   | Received a gift from Okawaru
 13408 | Lair:6   | Got a crystal hand axe {god gift}
 13409 | Lair:6   | Identified the +3 hand axe of Ryenaly {drain, rPois} (Okawaru gifted it to you on level 6 of the Lair of Beasts)
 13855 | Lair:6   | Slain by a harpy

Skill      XL: |  1  2  3  4  5  6  7  8  9 10 11 12 13 |
---------------+----------------------------------------+-----
Throwing       | 4 5 6 7 8 9 10 | 10.9
Axes           | 2 3 5 7 9 10 12 13 | 13.9
Invocations    | 3 5 8 9 11 12 13 | 13.1
Dodging        | 2 4 5 7 |  7.9
Fighting       | |  2.0
Stealth        | |  0.8

Action                   |  1- 3 |  4- 6 |  7- 9 | 10-12 | 13-15 || total
-------------------------+-------+-------+-------+-------+-------++-------
Melee: Spear             |   131 |    91 |       |       |       ||   222
       Hand axe          |       |    89 |       |       |    59 ||   148
       Whip              |       |    10 |   229 |   267 |    88 ||   594
       Punch             |       |       |     1 |     4 |       ||     5
 Fire: Hunting sling     |    12 |       |       |       |       ||    12
       Blowgun           |       |    67 |    95 |     1 |     6 ||   169
Throw: Javelin           |     4 |     4 |    13 |   321 |   109 ||   451
       Throwing net      |       |     2 |       |     1 |       ||     3
       Tomahawk          |       |       |     7 |    16 |       ||    23
Invok: Heroism           |       |       |     5 |    19 |     4 ||    28
       Finesse           |       |       |       |     5 |     2 ||     7
Evoke: Wand              |       |       |     5 |     7 |     5 ||    17
       Rod               |       |       |       |       |     2 ||     2
       Sack of spiders   |       |       |       |       |     2 ||     2
  Use: Scroll            |       |     9 |    11 |    17 |     1 ||    38
       Potion            |       |       |       |     6 |     3 ||     9
 Stab: Held in net/web   |       |     2 |       |     1 |       ||     3
       Distracted        |       |       |     1 |       |     1 ||     2
       Sleeping          |       |       |     2 |     1 |       ||     3
  Eat: Chunk             |     1 |     7 |     8 |     8 |     1 ||    25
       Fruit             |       |       |     6 |       |       ||     6
       Pizza             |       |       |     1 |       |       ||     1
       Beef jerky        |       |       |       |     3 |       ||     3
       Bread ration      |       |       |       |     1 |       ||     1
Armor: Leather armour    |    26 |       |     7 |    18 |       ||    51
       Ring mail         |    12 |    81 |    69 |    27 |    32 ||   221
       Skin              |       |       |       |    87 |       ||    87
Dodge: Dodged            |    70 |   156 |   127 |   187 |    91 ||   631
